[Event "Titled Tuesday Blitz July 11 Late 2023"]
[White "Liu, Casper"]
[Black "Miguelitro69"]
[WhiteFideId "1454153"]
[WhiteElo "2463"]
[BlackElo "2300"]
[Result "1-0"]
[Round "10"]
[TimeControl "180+2"]
[Date "2023.07.11"]
[WhiteClock "0:00:13"]
[BlackClock "0:00:00"]
[Board "95"]

1. d4 c5 2. c3 g6 3. Nf3 Bg7 4. e4 b6 5. h4 Bb7 6. Bd3 h5 7. Bf4 d6 8. Nbd2 Nc6 9. d5 Ne5 10. Bxe5 dxe5 11. Nc4 Qc7 12. Qa4+ Kf8 13. Rd1 Nh6 14. Ng5 a6 15. d6 exd6 16. Nxd6 b5 17. Qb3 c4 18. Qa3 Kg8 19. Be2 Bf8 20. f4 Qe7 21. fxe5 Qxe5 22. O-O Bxd6 23. Qxd6 Qxd6 24. Rxd6 Bc8 25. Nxf7 Nxf7 26. Rxg6+ Kf8 27. Rgf6 Ra7 28. e5 Re7 29. Bf3 Be6 30. Rxe6 Rxe6 31. Bd5 Rhh6 32. Bxe6 Rxe6 33. Rf5 Ke7 34. Rxh5 Rxe5 35. Rh7 Re6 36. g4 Rf6 37. g5 Rf4 38. g6 Rg4+ 39. Kf2 Rxg6 40. h5 Rf6+ 41. Ke3 Ke6 42. Kd4 Ng5 43. Ra7 Rf4+ 44. Kc5 Rf5+ 45. Kb4 Ne4 46. Rxa6+ Kf7 47. h6 Rh5 48. Ra7+ Kg6 49. h7 Rxh7 50. Rxh7 Kxh7 51. Kxb5 Nd2 52. a4 Kg6 53. a5 Ne4 54. Kc6 Nd6 55. Kxd6 1-0


[Site "https://www.chess.com"]

[Event "Titled Tuesday Blitz July 11 Late 2023"]
[White "arturdailima"]
[Black "Novikov, Evgenij"]
[BlackFideId "4125380"]
[WhiteElo "2255"]
[BlackElo "2456"]
[Result "1-0"]
[Round "10"]
[TimeControl "180+2"]
[Date "2023.07.11"]
[WhiteClock "0:00:20"]
[BlackClock "0:00:00"]
[Board "96"]

1. d4 d5 2. c4 c6 3. Nc3 Nf6 4. Nf3 a6 5. cxd5 cxd5 6. Bf4 Nc6 7. e3 g6 8. Be2 Bg7 9. O-O O-O 10. Ne5 Bd7 11. Bf3 e6 12. Nxd7 Nxd7 13. Qb3 b5 14. Be2 Nb6 15. Rac1 Nc4 16. Bxc4 bxc4 17. Qa3 Re8 18. b3 Bf8 19. Qa4 Na5 20. Rfd1 Ra7 21. b4 Nb7 22. b5 a5 23. Rb1 Qd7 24. b6 Qxa4 25. Nxa4 Raa8 26. Rb5 Rec8 27. Bc7 Bd6 28. Nc5 Bxc7 29. Nxb7 Bd8 30. Nc5 Rcb8 31. b7 Ra7 32. Rc1 1-0


[Site "https://www.chess.com"]

[Event "Titled Tuesday Blitz July 11 Late 2023"]
[White "Pein, Jonathan"]
[Black "Chemin, Justo Reinaldo"]
[WhiteFideId "417092"]
[BlackFideId "2101580"]
[WhiteElo "2437"]
[BlackElo "2253"]
[Result "1/2-1/2"]
[Round "10"]
[TimeControl "180+2"]
[Date "2023.07.11"]
[WhiteClock "0:00:36"]
[BlackClock "0:00:24"]
[Board "97"]

1. Nc3 d5 2. d4 c5 3. e4 dxe4 4. d5 Nf6 5. Bg5 h6 6. Bxf6 exf6 7. Bb5+ Bd7 8. Qe2 f5 9. f3 Bd6 10. fxe4 O-O 11. Bxd7 Nxd7 12. O-O-O Re8 13. Nf3 fxe4 14. Nxe4 f5 15. Qb5 fxe4 16. Nd2 e3 17. Nc4 Bf4 18. Rde1 Nb6 19. g3 Qxd5 20. Nxb6 axb6 21. gxf4 Rxa2 22. Qxe8+ Kh7 23. Kb1 Rxb2+ 24. Kxb2 Qd4+ 25. Kb3 Qb4+ 26. Ka2 Qc4+ 27. Kb1 Qb4+ 28. Ka1 Qc3+ 29. Kb1 Qb4+ 30. Kc1 Qd2+ 31. Kb2 Qb4+ 32. Ka2 Qc4+ 33. Ka1 Qc3+ 34. Kb1 Qb4+ 1/2-1/2


[Site "https://www.chess.com"]

[Event "Titled Tuesday Blitz July 11 Late 2023"]
[White "Sarkar, Justin"]
[Black "Srdanovic, Jovana"]
[WhiteFideId "2010011"]
[BlackFideId "954810"]
[WhiteElo "2250"]
[BlackElo "2400"]
[Result "0-1"]
[Round "10"]
[TimeControl "180+2"]
[Date "2023.07.11"]
[WhiteClock "0:00:00"]
[BlackClock "0:00:29"]
[Board "98"]

1. e4 c6 2. Nc3 d5 3. Qe2 d4 4. Nd1 e5 5. d3 h6 6. f4 Bd6 7. fxe5 Bxe5 8. Nf3 Nd7 9. g3 Ngf6 10. Bg2 Qc7 11. Nf2 O-O 12. O-O c5 13. Nxe5 Nxe5 14. Bf4 Qe7 15. c3 Nfg4 16. cxd4 cxd4 17. Rac1 Nxf2 18. Rxf2 Bg4 19. Qf1 b6 20. h3 Bh5 21. Kh2 Bg6 22. Rfc2 Rfe8 23. Rc7 Qb4 24. R1c2 Qb5 25. Bxe5 Qxe5 26. Qf4 Qb5 27. R7c4 Rad8 28. h4 Qa5 29. Bf3 Re6 30. b4 Qb5 31. a4 Qxa4 32. h5 Bh7 33. Rc7 Qe8 0-1


[Site "https://www.chess.com"]

[Event "Titled Tuesday Blitz July 11 Late 2023"]
[White "Kohler, Aran"]
[Black "Ncatt"]
[WhiteFideId "1002856"]
[WhiteElo "2248"]
[BlackElo "2395"]
[Result "0-1"]
[Round "10"]
[TimeControl "180+2"]
[Date "2023.07.11"]
[WhiteClock "0:00:14"]
[BlackClock "0:01:30"]
[Board "99"]

1. d4 Nf6 2. c3 c5 3. Nf3 d5 4. Bg5 Nc6 5. e3 Ne4 6. Bf4 e6 7. Nbd2 f5 8. Bc4 dxc4 9. Nxe4 fxe4 10. Ng5 Qd5 11. f3 exf3 12. gxf3 Be7 13. e4 Qd8 14. Rg1 cxd4 15. cxd4 Qxd4 16. Ke2 Qxb2+ 17. Kf1 O-O 18. Be3 Qb5 19. Rb1 Qe5 20. f4 Bxg5 21. Qg4 Bxf4 22. Bf2 Be3 23. Rg2 Rxf2+ 24. Rxf2 Bxf2 25. Kxf2 Bd7 26. Rg1 Rf8+ 27. Kg2 Rf4 28. Qg3 Qxe4+ 0-1


[Site "https://www.chess.com"]

[Event "Titled Tuesday Blitz July 11 Late 2023"]
[White "Kopacz, Grzegorz"]
[Black "Haitin, Ilja"]
[WhiteFideId "1109880"]
[BlackFideId "4501764"]
[WhiteElo "2229"]
[BlackElo "2383"]
[Result "0-1"]
[Round "10"]
[TimeControl "180+2"]
[Date "2023.07.11"]
[WhiteClock "0:00:11"]
[BlackClock "0:00:17"]
[Board "100"]

1. e4 e6 2. d4 d5 3. e5 c5 4. c3 Qb6 5. Nf3 Bd7 6. Be2 Bb5 7. O-O Bxe2 8. Qxe2 Nc6 9. Be3 Rc8 10. a3 cxd4 11. cxd4 Na5 12. Nc3 Ne7 13. Rac1 Nb3 14. Rc2 Nc6 15. Na4 Qa5 16. Nc5 Bxc5 17. dxc5 O-O 18. Qd3 Qa4 19. Ng5 g6 20. f4 h6 21. Nf3 d4 22. Bf2 Rfd8 23. g4 Ne7 24. Rc4 Qb5 25. a4 Nxc5 26. axb5 Nxd3 27. Rxc8 Rxc8 28. Bxd4 Nxf4 29. Bxa7 Ned5 30. Nd4 Rc4 31. h4 g5 32. hxg5 hxg5 33. Kh2 Kh7 34. Kg3 Kg6 35. Rh1 Rxd4 36. Bxd4 Ne2+ 37. Kf3 Nxd4+ 38. Ke4 Nxb5 39. Rc1 Nbc7 40. Rc5 b6 41. Rc6 Na6 42. Rd6 Nc5+ 43. Kd4 Na4 44. Rd7 Nxb2 45. Ke4 Nc4 46. Rc7 Nd2+ 47. Kd3 Nf3 48. Rb7 Nxe5+ 49. Ke4 Nc4 50. Kd4 Nd6 51. Rd7 Ne8 52. Ke5 Ng7 53. Ra7 f6+ 54. Kd6 f5 55. gxf5+ Nxf5+ 56. Kxe6 Nfe7 57. Rb7 g4 58. Ra7 Kg5 59. Ra2 g3 60. Ke5 Kg4 61. Ke4 b5 62. Rb2 b4 63. Rb3 g2 64. Rb1 Kg3 65. Kd3 Kh2 66. Ke2 g1=Q 67. Rxg1 Kxg1 68. Kd3 Kg2 69. Kc4 Kf3 70. Kb3 Ke3 71. Kc4 Kd2 72. Kb3 Kd3 73. Kb2 Kc4 74. Kb1 b3 75. Kb2 Kb4 76. Kb1 Kc3 77. Kc1 b2+ 78. Kb1 Ne3 79. Ka2 Kc2 80. Ka3 b1=Q 81. Ka4 Qb6 82. Ka3 Qb3# 0-1


[Site "https://www.chess.com"]

[Event "Titled Tuesday Blitz July 11 Late 2023"]
[White "Osmonbekov, Talaibek"]
[Black "Prieto Aranguren, Alain"]
[WhiteFideId "2017253"]
[BlackFideId "2268906"]
[WhiteElo "2219"]
[BlackElo "2372"]
[Result "1-0"]
[Round "10"]
[TimeControl "180+2"]
[Date "2023.07.11"]
[WhiteClock "0:01:13"]
[BlackClock "0:00:44"]
[Board "101"]

1. d4 Nf6 2. Nc3 e6 3. e4 Bb4 4. e5 Nd5 5. Bd2 d6 6. Nxd5 Bxd2+ 7. Qxd2 exd5 8. Nf3 O-O 9. Bd3 h6 10. O-O-O c5 11. dxc5 dxc5 12. Qf4 c4 13. Bxc4 Qa5 14. Rxd5 Qa4 15. Rd8 Qb4 16. Qxf7+ Kh7 17. Bd3+ 1-0


[Site "https://www.chess.com"]

[Event "Titled Tuesday Blitz July 11 Late 2023"]
[White "Vila Dupla, Aurelio"]
[Black "micke12a"]
[WhiteFideId "2203383"]
[WhiteElo "2176"]
[BlackElo "2359"]
[Result "0-1"]
[Round "10"]
[TimeControl "180+2"]
[Date "2023.07.11"]
[WhiteClock "0:00:27"]
[BlackClock "0:00:09"]
[Board "102"]

1. Nf3 Nf6 2. d4 d5 3. c4 e6 4. cxd5 exd5 5. Nc3 c6 6. Qc2 g6 7. Bg5 Be7 8. e3 Bf5 9. Bd3 Bxd3 10. Qxd3 O-O 11. O-O Nbd7 12. Rfe1 b5 13. Ne2 Ne4 14. Bxe7 Qxe7 15. Rac1 Rac8 16. Rc2 Nb6 17. b3 Qd6 18. Rec1 a5 19. Ng3 f5 20. Ne5 Nxg3 21. hxg3 c5 22. Qxb5 c4 23. bxc4 dxc4 24. Nxc4 Nxc4 25. Rxc4 Rb8 26. Qxa5 Ra8 27. Qc7 Qxc7 28. Rxc7 Rxa2 29. R1c2 Rb8 30. Kh2 Ra1 31. g4 fxg4 32. Kg3 h5 33. Re7 Rf8 34. Rcc7 Rf6 35. Re8+ Rf8 36. Rxf8+ Kxf8 37. Kf4 Ra5 38. e4 g5+ 39. Kg3 Ra3+ 40. f3 gxf3 41. gxf3 g4 42. Kf4 Rxf3+ 43. Ke5 g3 44. Rc8+ Kg7 45. Rc7+ Kg6 46. Rc8 Kg7 47. Rc7+ Rf7 48. Rc1 h4 49. Rg1 Kg6 50. d5 Kg5 51. d6 Kg4 52. Ke6 Rh7 53. d7 Rxd7 54. Kxd7 h3 55. e5 h2 56. Rc1 g2 57. e6 g1=Q 58. Rxg1+ hxg1=Q 59. e7 Qd4+ 60. Ke6 Qc4+ 61. Kd6 Qf7 62. Kd7 Qd5+ 63. Kc8 Qe6+ 64. Kd8 Qd6+ 65. Ke8 Kf5 0-1


[Site "https://www.chess.com"]

[Event "Titled Tuesday Blitz July 11 Late 2023"]
[White "Ricaurte Lopez, Juan Carlos"]
[Black "Schuster, Karsten"]
[WhiteFideId "3600327"]
[BlackFideId "4611071"]
[WhiteElo "2141"]
[BlackElo "2337"]
[Result "1/2-1/2"]
[Round "10"]
[TimeControl "180+2"]
[Date "2023.07.11"]
[WhiteClock "0:00:26"]
[BlackClock "0:00:48"]
[Board "103"]

1. e4 d5 2. exd5 Qxd5 3. Nf3 Bg4 4. Be2 Nf6 5. O-O e6 6. Re1 c5 7. d4 cxd4 8. Nxd4 Bxe2 9. Nxe2 Nc6 10. Nbc3 Qxd1 11. Rxd1 Bc5 12. Be3 Bxe3 13. fxe3 Ke7 14. h3 Ne5 15. Kf2 a6 16. Rd4 Nc6 17. Rc4 Rac8 18. Nd4 Ne5 19. Rb4 b5 20. a4 bxa4 21. Rb7+ Nfd7 22. Rxa4 Rb8 23. Rab4 Rxb7 24. Rxb7 Rb8 25. Rxb8 Nxb8 26. b3 f5 27. e4 g6 28. exf5 gxf5 29. Na4 Kd6 30. c4 Nbc6 31. Nxc6 Nxc6 32. Ke3 Na5 33. c5+ Kd5 34. b4 Nc6 35. Nb6+ Ke5 36. Nd7+ Kd5 37. Nb6+ Ke5 38. Nd7+ Kd5 39. Nb6+ 1/2-1/2


[Site "https://www.chess.com"]

[Event "Titled Tuesday Blitz July 11 Late 2023"]
[White "Tsukerman, Julia"]
[Black "kripri"]
[WhiteFideId "2621649"]
[WhiteElo "2097"]
[BlackElo "2326"]
[Result "1/2-1/2"]
[Round "10"]
[TimeControl "180+2"]
[Date "2023.07.11"]
[WhiteClock "0:00:09"]
[BlackClock "0:00:05"]
[Board "104"]

1. e4 c5 2. Nf3 Nc6 3. d4 cxd4 4. Nxd4 Nf6 5. Nc3 d6 6. Be3 Bd7 7. f3 Rc8 8. Qd2 Qa5 9. Be2 e6 10. g4 h6 11. h4 Be7 12. O-O-O Nxd4 13. Bxd4 b5 14. g5 b4 15. Nb1 Nh5 16. f4 Ng3 17. Bxg7 Rh7 18. gxh6 Qxa2 19. Rhg1 Nxe4 20. Qd4 d5 21. Be5 Rxc2+ 22. Kxc2 Ba4+ 23. Kc1 Bc5 24. Rg8+ Kd7 25. Qd3 Rxh6 26. Qxe4 Bxd1 27. Bb5+ Ke7 28. Qg2 Be3+ 29. Qd2 Bxd2+ 30. Nxd2 Qa1+ 31. Nb1 Rxh4 32. Rc8 Rh1 33. Rc7+ Kd8 34. Rd7+ Kc8 35. Rc7+ Kd8 36. Rd7+ Ke8 37. Rc7+ Kf8 38. Rc8+ Ke7 39. Rc7+ Kd8 1/2-1/2


[Site "https://www.chess.com"]

[Event "Titled Tuesday Blitz July 11 Late 2023"]
[White "Campos, Maria Jose"]
[Black "UgarteCesar"]
[WhiteFideId "146803"]
[WhiteElo "2366"]
[BlackElo "2192"]
[Result "1-0"]
[Round "10"]
[TimeControl "180+2"]
[Date "2023.07.11"]
[WhiteClock "0:01:54"]
[BlackClock "0:00:07"]
[Board "105"]

1. c4 e6 2. g3 d5 3. Bg2 Nf6 4. Nf3 Nbd7 5. O-O dxc4 6. Qc2 a6 7. Qxc4 b5 8. Qb3 Bb7 9. d3 c5 10. Bg5 Be7 11. Rd1 h6 12. Bf4 O-O 13. a4 b4 14. Nbd2 Rc8 15. Nc4 Nd5 16. Bd2 Bf6 17. a5 Rc7 18. h4 Qa8 19. e4 Ne7 20. Rac1 Nc6 21. Bf4 e5 22. Be3 Nd4 23. Bxd4 exd4 24. Rc2 Bc6 25. Rdc1 Qe8 26. Qa2 Qe6 27. b3 g5 28. hxg5 hxg5 29. Nb6 Be7 30. Nd5 Bxd5 31. exd5 Qxd5 32. Re1 Bf6 33. Ne5 Qd6 34. Nc4 Qe6 35. Rxe6 fxe6 36. Re2 Kf7 37. Qd2 e5 38. Bf3 Rh8 39. Bg4 Re8 40. Kg2 Kg6 41. Qe1 Re7 42. Qh1 Rh7 43. Bf5+ Kxf5 44. Qxh7+ 1-0


[Site "https://www.chess.com"]

[Event "Titled Tuesday Blitz July 11 Late 2023"]
[White "Fominykh, Maria"]
[Black "cedchass2006"]
[WhiteFideId "4142411"]
[WhiteElo "2188"]
[BlackElo "2341"]
[Result "0-1"]
[Round "10"]
[TimeControl "180+2"]
[Date "2023.07.11"]
[WhiteClock "0:00:00"]
[BlackClock "0:00:05"]
[Board "106"]

1. d4 Nf6 2. c4 e6 3. Nf3 d5 4. Nc3 dxc4 5. a4 Bb4 6. e3 c5 7. Bxc4 Nc6 8. dxc5 Qxd1+ 9. Kxd1 Bxc5 10. Ke2 Ke7 11. a5 e5 12. Rd1 e4 13. Ng5 Bg4+ 14. f3 exf3+ 15. gxf3 Bh5 16. Nd5+ Nxd5 17. Rxd5 b6 18. Ne4 Bg6 19. Nxc5 bxc5 20. Rxc5 Rhc8 21. Bd2 Rab8 22. Ba6 Rd8 23. Rxc6 Rxb2 24. Rd1 Bc2 25. Rc1 Ba4 26. Rc7+ Ke8 27. Rc8 Rxd2+ 28. Ke1 Rxh2 29. Rxd8+ Kxd8 30. Rc8+ Kd7 31. Rg8 g6 32. Rf8 Ke7 33. Ra8 Kf6 34. Rxa7 Bb3 35. Bd3 h5 36. a6 Ra2 37. Rb7 Bd5 38. Rb6+ Kg7 39. e4 Be6 40. Rb7 Bc8 41. Ra7 h4 0-1


[Site "https://www.chess.com"]

[Event "Titled Tuesday Blitz July 11 Late 2023"]
[White "Weisz, Bryan"]
[Black "Oliveira, Tiago Batista"]
[WhiteFideId "30934133"]
[BlackFideId "2108291"]
[WhiteElo "2313"]
[BlackElo "2155"]
[Result "1-0"]
[Round "10"]
[TimeControl "180+2"]
[Date "2023.07.11"]
[WhiteClock "0:00:36"]
[BlackClock "0:00:00"]
[Board "107"]

1. e3 Nf6 2. Ke2 g6 3. Qe1 Bg7 4. Kd1 d5 5. d3 O-O 6. Nd2 c5 7. h3 Nc6 8. g4 e5 9. Bg2 Re8 10. Ne2 e4 11. d4 cxd4 12. Nxd4 Nxd4 13. exd4 Nxg4 14. c3 e3 15. hxg4 exd2 16. Qxd2 Bxg4+ 17. f3 Bf5 18. Qg5 Qb6 19. f4 Qb5 20. Bf1 Qd7 21. Qh4 h5 22. a4 Bg4+ 23. Kc2 Qf5+ 24. Bd3 Re2+ 25. Bd2 Rxd2+ 26. Kxd2 Qxf4+ 27. Kc2 Bh6 28. Qe1 Rc8 29. Rf1 Qxd4 30. Qe8+ Rxe8 31. cxd4 Bg7 32. Rae1 Rc8+ 33. Kb3 Bxd4 34. Re7 Be6 35. Bxg6 Bc5 36. Bxf7+ Bxf7 37. Rexf7 d4 38. R7f5 b6 39. Rg1+ 1-0


[Site "https://www.chess.com"]

[Event "Titled Tuesday Blitz July 11 Late 2023"]
[White "Elaisaz"]
[Black "Sainz Aguirre, Ignacio"]
[BlackFideId "5101727"]
[WhiteElo "2256"]
[BlackElo "2000"]
[Result "0-1"]
[Round "10"]
[TimeControl "180+2"]
[Date "2023.07.11"]
[WhiteClock "0:01:53"]
[BlackClock "0:02:01"]
[Board "108"]

1. d4 d5 2. c4 e6 3. Nc3 a6 4. cxd5 exd5 5. g3 Nf6 6. Bg2 c6 7. Bg5 h6 8. Bxf6 Qxf6 9. e3 Bd6 10. Nf3 Bg4 11. h3 Bh5 12. g4 Bg6 13. Qd2 Nd7 14. O-O-O O-O-O 15. Rhe1 Nb6 16. Ng1 Nc4 17. Qe2 Rhe8 18. b3 Ba3+ 0-1


[Site "https://www.chess.com"]

[Event "Titled Tuesday Blitz July 11 Late 2023"]
[White "Broca Jimenez, Fernando"]
[Black "Burke, Paul"]
[WhiteFideId "5104742"]
[BlackFideId "2605767"]
[WhiteElo "2226"]
[BlackElo "1923"]
[Result "1-0"]
[Round "10"]
[TimeControl "180+2"]
[Date "2023.07.11"]
[WhiteClock "0:00:14"]
[BlackClock "0:00:00"]
[Board "109"]

1. e4 e5 2. Nf3 Nc6 3. Bb5 f5 4. d3 Nf6 5. O-O Be7 6. Bc4 d6 7. Bg5 Na5 8. Nbd2 Nxc4 9. Nxc4 O-O 10. exf5 Bxf5 11. d4 e4 12. Nfd2 d5 13. Ne5 h6 14. Bh4 g5 15. Bg3 Bd6 16. c4 c6 17. Qe2 h5 18. f3 h4 19. Bf2 exf3 20. Ndxf3 Re8 21. Nxg5 Ng4 22. Bxh4 Nxe5 23. dxe5 Bxe5 24. Qh5 Qd7 25. cxd5 cxd5 26. Nf3 Bxb2 27. Rad1 Be4 28. Ng5 Qg7 29. Rf7 Bd4+ 30. Kh1 Qg6 31. Qg4 1-0


[Site "https://www.chess.com"]

[Event "Titled Tuesday Blitz July 11 Late 2023"]
[White "KorolDimitriy75"]
[Black "deloewre"]
[WhiteElo "2396"]
[BlackElo "2108"]
[Result "1-0"]
[Round "10"]
[TimeControl "180+2"]
[Date "2023.07.11"]
[WhiteClock "0:00:11"]
[BlackClock "0:00:00"]
[Board "110"]

1. d4 Nf6 2. c4 e6 3. Nc3 d5 4. Bg5 Be7 5. cxd5 exd5 6. e3 c6 7. Bd3 Nbd7 8. Qc2 Nh5 9. Bxe7 Qxe7 10. Nge2 g6 11. h3 Nb6 12. O-O Be6 13. f3 O-O 14. e4 dxe4 15. fxe4 Nc4 16. Rf3 Ng7 17. Kh1 f5 18. d5 fxe4 19. Rxf8+ Rxf8 20. Bxc4 cxd5 21. Bxd5 Bxd5 22. Nxd5 Qe5 23. Ndc3 e3 24. Qe4 Qxe4 25. Nxe4 Rc8 26. N4c3 Nf5 27. Rd1 a6 28. Kh2 b5 29. a3 h5 30. g4 hxg4 31. hxg4 Nh4 32. Kg3 g5 33. Rd3 Rf8 34. Rxe3 Rf1 35. Ne4 Rb1 36. b4 Rb2 37. Nxg5 Ng6 38. Nf4 1-0


[Site "https://www.chess.com"]

[Event "Titled Tuesday Blitz July 11 Late 2023"]
[White "Hartikainen, Jarmo"]
[Black "Cluke86"]
[WhiteFideId "503134"]
[WhiteElo "2107"]
[BlackElo "2325"]
[Result "0-1"]
[Round "10"]
[TimeControl "180+2"]
[Date "2023.07.11"]
[WhiteClock "0:00:00"]
[BlackClock "0:00:35"]
[Board "111"]

1. e4 d6 2. d4 Nf6 3. Nc3 Nbd7 4. Nf3 e5 5. dxe5 dxe5 6. Be2 h6 7. O-O c6 8. h3 Qc7 9. Be3 Bc5 10. Qc1 Bb4 11. Bd3 Nf8 12. Ne2 g5 13. c3 Bd6 14. Nd2 Ng6 15. Nc4 g4 16. Nxd6+ Qxd6 17. hxg4 Qxd3 18. Ng3 Bxg4 19. f3 Be6 20. Rd1 Qa6 21. Qd2 Nd7 22. Nf5 O-O-O 23. b4 Bxf5 24. exf5 Nf4 25. Bxf4 exf4 26. Qxf4 Rhg8 27. Rd2 Qb6+ 28. Kh1 Nf6 29. Rad1 Rxd2 30. Rxd2 Qc7 31. Qxc7+ Kxc7 32. g4 Nd5 33. Rd3 Re8 34. a3 Re3 35. Rxe3 Nxe3 36. Kh2 Nd5 37. Kg3 Nxc3 38. f4 Ne4+ 39. Kf3 Nd6 40. Kg3 a5 41. Kh4 axb4 42. axb4 b5 43. Kh5 c5 44. bxc5 Ne4 0-1


[Site "https://www.chess.com"]

[Event "Titled Tuesday Blitz July 11 Late 2023"]
[White "Semenova, Alina"]
[Black "Shapiro, Daniel"]
[WhiteFideId "24113875"]
[BlackFideId "2001780"]
[WhiteElo "2064"]
[BlackElo "2297"]
[Result "1/2-1/2"]
[Round "10"]
[TimeControl "180+2"]
[Date "2023.07.11"]
[WhiteClock "0:00:04"]
[BlackClock "0:00:04"]
[Board "112"]

1. e4 c5 2. Nf3 e6 3. d4 cxd4 4. Nxd4 a6 5. c4 Nf6 6. Nc3 Qc7 7. Be3 Bb4 8. Bd3 Nc6 9. O-O O-O 10. a3 Be7 11. Rc1 Qd8 12. b4 d5 13. cxd5 exd5 14. exd5 Nxd5 15. Nxd5 Qxd5 16. Bc4 Qe4 17. Re1 Rd8 18. Qh5 Qg6 19. Qxg6 hxg6 20. Nxc6 bxc6 21. Bb6 Re8 22. Bc5 Kf8 23. Bxe7+ Rxe7 24. Rxe7 Kxe7 25. Re1+ Kf8 26. Re3 a5 27. Rf3 f6 28. b5 cxb5 29. Bxb5 Rb8 30. Rb3 Bd7 31. Bc4 Rxb3 32. Bxb3 Ke7 33. Kf1 Kd6 34. Ke2 Kc5 35. Kd3 Bc6 36. f3 Bb5+ 37. Kc3 Bf1 38. g3 Bg2 39. f4 Be4 40. h4 Bf3 41. Bc2 Bh5 42. Be4 f5 43. Bc2 Bf3 44. Bb3 Bh5 45. Bf7 Kb5 46. Be8+ Kc5 47. Kd3 Kd5 48. Kc3 Kc5 49. Kd3 Kd5 50. Bf7+ Kc5 51. Kc3 Kb5 52. Bb3 Kc5 53. Bc2 Kb5 54. Kb3 Kc5 55. Ka4 Kb6 56. Bb3 Bf3 57. Bc2 Bc6+ 58. Kb3 Kc5 59. Kc3 Bb5 60. Bb3 Be2 61. Be6 Bh5 62. Bd7 Kd6 63. Ba4 Kc5 64. Bb3 Bf3 65. Bf7 Bh5 66. Be8 Kd5 67. Bb5 Kc5 68. Bc4 Bg4 69. Bf7 Bh5 70. Kb3 Kb5 71. Kc3 Kc5 1/2-1/2


[Site "https://www.chess.com"]

[Event "Titled Tuesday Blitz July 11 Late 2023"]
[White "Alexikov, Alexander"]
[Black "Upper, John"]
[WhiteFideId "14103958"]
[BlackFideId "2606437"]
[WhiteElo "2220"]
[BlackElo "1998"]
[Result "1-0"]
[Round "10"]
[TimeControl "180+2"]
[Date "2023.07.11"]
[WhiteClock "0:00:43"]
[BlackClock "0:00:00"]
[Board "113"]

1. e4 c5 2. Nf3 Nc6 3. d4 cxd4 4. Nxd4 Nf6 5. Nc3 e5 6. Ndb5 d6 7. Bg5 a6 8. Na3 b5 9. Nd5 Be7 10. Bxf6 Bxf6 11. c4 b4 12. Nc2 a5 13. g3 O-O 14. Bg2 Be6 15. O-O Rb8 16. b3 Bxd5 17. Qxd5 Nd4 18. Nxd4 exd4 19. a3 Qb6 20. axb4 Qxb4 21. Rfb1 d3 22. Rxa5 d2 23. Ra2 Bc3 24. Qd3 Ra8 25. Rc2 Ra1 26. Rxa1 Bxa1 27. Rxd2 Rb8 28. Qxd6 g6 29. Qxb4 Rxb4 30. Rd3 Kf8 31. f4 Ke7 32. Bf3 Bb2 33. e5 Ba3 34. Kf2 Rb6 35. Ke2 Bc5 36. Kd2 Bb4+ 37. Kc2 Ra6 38. Kb2 Ba3+ 39. Kb1 Bb4 40. Bg4 h5 41. Bf3 Ke8 42. Rd5 Ra3 43. Kb2 1-0


[Site "https://www.chess.com"]

[Event "Titled Tuesday Blitz July 11 Late 2023"]
[White "Gyulamiryan-koryun"]
[Black "Gazola, Vanessa Ramos"]
[BlackFideId "2112590"]
[WhiteElo "1872"]
[BlackElo "2039"]
[Result "0-1"]
[Round "10"]
[TimeControl "180+2"]
[Date "2023.07.11"]
[WhiteClock "0:00:21"]
[BlackClock "0:00:43"]
[Board "114"]

1. e4 c5 2. f4 d5 3. Bb5+ Nc6 4. exd5 Qxd5 5. Nf3 Nf6 6. Nc3 Qd7 7. Ne5 Qc7 8. Bxc6+ bxc6 9. O-O e6 10. Qf3 Bb7 11. Ne4 Be7 12. d3 O-O 13. Be3 Nxe4 14. dxe4 f6 15. Nd3 c4 16. Nc5 Bc8 17. Rad1 Rb8 18. b4 Rxb4 19. c3 Rb2 20. Rf2 Rxf2 21. Qxf2 e5 22. f5 Qa5 23. Qd2 Bxc5 24. Bxc5 Qxc5+ 25. Kh1 Ba6 26. h4 h6 27. Kh2 Qb6 28. Qd6 c5 29. Qd5+ Kh8 30. Qd7 Bb7 31. Rd6 Qb2 32. Qe7 Rg8 33. Rd7 Bxe4 34. Rd8 Qxg2# 0-1


[Site "https://www.chess.com"]

[Event "Titled Tuesday Blitz July 11 Late 2023"]
[White "Awoki, Daniel Teidi"]
[Black "Gamboa, Juan Pablo"]
[WhiteFideId "2100827"]
[BlackFideId "105180"]
[WhiteElo "2303"]
[BlackElo "1916"]
[Result "1-0"]
[Round "10"]
[TimeControl "180+2"]
[Date "2023.07.11"]
[WhiteClock "0:01:34"]
[BlackClock "0:00:52"]
[Board "115"]

1. e4 e6 2. d4 d5 3. Nd2 c5 4. exd5 Qxd5 5. Ngf3 cxd4 6. Bc4 Qd6 7. Qe2 Nf6 8. Nb3 Nc6 9. Bg5 Be7 10. O-O-O O-O 11. Nbxd4 Nxd4 12. Rxd4 Qc7 13. Rhd1 Qa5 14. Kb1 h6 15. Bf4 Qb6 16. Ne5 Bc5 17. R4d2 Bb4 18. Rd3 a5 19. Bxh6 gxh6 20. Rg3+ Kh8 21. Qf3 Be7 22. Qf4 Ng8 23. Qxf7 Rxf7 24. Nxf7+ Kh7 25. Bd3# 1-0


[Site "https://www.chess.com"]

[Event "Titled Tuesday Blitz July 11 Late 2023"]
[White "Vargas, Mauricio"]
[Black "Lutz, Igor Oscar"]
[WhiteFideId "4404572"]
[BlackFideId "2110806"]
[WhiteElo "1878"]
[BlackElo "1960"]
[Result "1-0"]
[Round "10"]
[TimeControl "180+2"]
[Date "2023.07.11"]
[WhiteClock "0:01:50"]
[BlackClock "0:00:00"]
[Board "116"]

1. e4 c5 2. Nc3 Nc6 3. f4 g6 4. Nf3 Bg7 5. Bb5 e6 6. Bxc6 dxc6 7. O-O Nf6 8. d3 b5 9. Qe1 Bb7 10. e5 Nd5 11. Ne4 O-O 12. Nxc5 Qb6 13. d4 Rad8 14. c3 a5 15. Qh4 b4 16. Bd2 Ba6 17. Nxa6 Qxa6 18. f5 exf5 19. Bh6 bxc3 20. bxc3 Qd3 21. Ng5 Qe3+ 22. Kh1 1-0


[Site "https://www.chess.com"]

[Event "Titled Tuesday Blitz July 11 Late 2023"]
[White "Carlsen, Magnus"]
[Black "Nakamura, Hikaru"]
[WhiteFideId "1503014"]
[BlackFideId "2016192"]
[WhiteElo "3288"]
[BlackElo "3239"]
[Result "1/2-1/2"]
[Round "11"]
[TimeControl "180+2"]
[Date "2023.07.11"]
[WhiteClock "0:01:17"]
[BlackClock "0:01:14"]
[Board "1"]

1. e4 a6 2. d4 c6 3. Bd3 d5 4. exd5 cxd5 5. c3 Nc6 6. h3 g6 7. Nf3 Bf5 8. O-O Bxd3 9. Qxd3 e6 10. Bf4 Bd6 11. Bxd6 Qxd6 12. Nbd2 Nf6 13. Rfe1 Nd7 14. Qe3 O-O 15. Ne5 Rae8 16. Ndf3 f6 17. Nxd7 Qxd7 18. Re2 Re7 19. Rae1 Rfe8 20. Qf4 Kg7 21. h4 h6 22. Qg3 Kf7 23. Qf4 Kg7 24. Qg3 Nd8 25. Nh2 Qc7 26. Qxc7 Rxc7 27. Ng4 h5 28. Ne3 Rd7 29. Nc2 Kf7 30. Nb4 a5 31. Nd3 b6 32. Nf4 Rde7 33. Re3 Nb7 34. Rg3 Rg8 35. Rge3 Rge8 36. Rg3 Rg8 37. Rge3 Rge8 1/2-1/2


[Site "https://www.chess.com"]

[Event "Titled Tuesday Blitz July 11 Late 2023"]
[White "Caruana, Fabiano"]
[Black "Firouzja, Alireza"]
[WhiteFideId "2020009"]
[BlackFideId "12573981"]
[WhiteElo "3117"]
[BlackElo "3108"]
[Result "1-0"]
[Round "11"]
[TimeControl "180+2"]
[Date "2023.07.11"]
[WhiteClock "0:00:06"]
[BlackClock "0:00:00"]
[Board "2"]

1. d4 Nf6 2. c4 g6 3. Nf3 Bg7 4. e3 O-O 5. Be2 d6 6. Nc3 Bf5 7. O-O e5 8. b4 e4 9. Nd2 h5 10. Bb2 Re8 11. a4 Nbd7 12. b5 c6 13. a5 a6 14. bxc6 bxc6 15. Qc2 Ng4 16. h3 Nh6 17. Qa4 Rc8 18. c5 dxc5 19. Bxa6 Rb8 20. Nd1 cxd4 21. Bxd4 Nc5 22. Bxc5 Bxa1 23. Qxa1 Qxd2 24. Bc4 Ra8 25. Qf6 Qd8 26. Qxd8 Rexd8 27. a6 Be6 28. Bxe6 fxe6 29. Nc3 Rxa6 30. Nxe4 Nf5 31. Rc1 e5 32. g4 hxg4 33. hxg4 Ra4 34. f3 Ng7 35. Kg2 Ne6 36. Be7 Rc8 37. Bd6 g5 38. Bxe5 Ra5 39. Bc3 Ra2+ 40. Kg3 1-0


[Site "https://www.chess.com"]